 Dungeon Crawl Stone Soup version 0.21.1-1-g345015f (webtiles) character file.

14917 inc the Spry (level 11, -1/40 HPs)
             Began as a Felid Chaos Knight on June 16, 2018.
             Slain by a dream sheep (6 damage)
             ... on level 5 of the Lair of Beasts.
             The game lasted 00:50:48 (20718 turns).

inc the Spry (Felid Chaos Knight)                  Turns: 20718, Time: 00:50:49

Health: -1/40      AC: 11    Str: 12    XL:     11   Next: 95%
Magic:  11/12      EV: 32    Int: 14    God:    Xom [*.....]
Gold:   4088       SH:  0    Dex: 18    Spells: 4/10 levels left
                                        Lives:  0   Deaths: 3

rFire    + . .     SeeInvis +     - Unarmed
rCold    + . .     Gourm    .   (shield unavailable)
rNeg     . . .     Faith    .   (armour unavailable)
rPois    +         Spirit   .   (helmet unavailable)
rElec    .         Reflect  .   (cloak unavailable)
rCorr    .         Harm     .   (gloves unavailable)
MR       +....     Rnd*Rage +   (boots unavailable)
Stlth    +++++.....             t - amulet of regeneration
HPRegen  0.53/turn              D - ring of poison resistance
MPRegen  0.13/turn              m - ring of protection from fire

@: icy armour, sleeping, quick
A: very small, no armour, no weapons or thrown items, stealth, claws 1, fangs 3,
iridescent scales 1, see invisible, berserk 1, carnivore, dopey 1, speed 1,
frail 2, shaggy fur 3, slow metabolism 1, strong 2, subdued magic 1, sharp paws
a: Renounce Religion


You were on level 5 of the Lair of Beasts.
You worshipped Xom.
You were a special plaything of Xom.
You were not hungry.

You visited 3 branches of the dungeon, and saw 20 of its levels.
You also visited: Volcano.

You collected 4088 gold pieces.

Inventory:

Jewellery
 h - an uncursed ring of ice
 k - an uncursed ring of ice
 m - a ring of protection from fire (right paw)
 t - an amulet of regeneration (around neck)
 x - an uncursed amulet of inaccuracy
 D - a ring of poison resistance (left paw)
Wands
 s - a wand of scattershot (12)
 y - a wand of polymorph (31)
 z - a wand of iceblast (6)
 G - a wand of random effects (23)
 I - a wand of flame (25)
 N - a wand of clouds (5)
 O - a wand of disintegration (6)
 P - a wand of enslavement (10)
 Q - a wand of paralysis (9)
Scrolls
 c - 3 scrolls of magic mapping
 d - 9 scrolls of enchant weapon
 e - 2 scrolls of noise
 f - 2 scrolls of fog
 i - 7 scrolls of remove curse
 j - 2 scrolls of fear
 n - 2 scrolls of immolation
 o - 3 scrolls of teleportation
 p - 4 scrolls of enchant armour
 q - a scroll of amnesia
 M - a scroll of torment
 R - a scroll of summoning
 U - a scroll of blinking
Potions
 b - a potion of degeneration
 g - 2 potions of flight
 r - 4 potions of curing
 u - a potion of magic
 w - a potion of heal wounds
 B - 4 potions of agility
 C - a potion of haste
 E - 2 potions of resistance
 J - a potion of berserk rage
 K - 2 potions of brilliance
 L - 2 potions of invisibility
 S - 2 potions of might
Books
 l - a book of Cantrips

   Spells                             Type                      Level
   a - Confusing Touch                Hexes                        1
   b - Animate Skeleton               Necromancy                   1
   c - Summon Small Mammal            Summoning                    1
   d - Apportation                    Translocation                1
 v - a book of Frost

   Spells                             Type                      Level
   a - Freeze                         Ice                          1
   b - Throw Frost                    Conjuration/Ice              2
   c - Ozocubu's Armour               Charms/Ice                   3
   d - Throw Icicle                   Conjuration/Ice              4
   e - Summon Ice Beast               Ice/Summoning                4
 A - Uwkik's Tome of Dusty Changing
   (You found it on level 6 of the Dungeon)

   Spells                             Type                      Level
   a - Passwall                       Transmutation/Earth          2
   b - Stone Arrow                    Conjuration/Earth            3
   c - Yara's Violent Unravelling     Hexes/Transmutation          5
 H - a book of Clouds

   Spells                             Type                      Level
   a - Poisonous Vapours              Poison/Air                   2
   b - Mephitic Cloud                 Conjuration/Poison/Air       3
   c - Conjure Flame                  Conjuration/Fire             3
   d - Freezing Cloud                 Conjuration/Ice/Air          6
   e - Ring of Flames                 Charms/Fire                  7
 T - a Young Poisoner's Handbook

   Spells                             Type                      Level
   a - Sting                          Conjuration/Poison           1
   b - Poisonous Vapours              Poison/Air                   2
   c - Mephitic Cloud                 Conjuration/Poison/Air       3
   d - Olgreb's Toxic Radiance        Poison                       4
   e - Venom Bolt                     Conjuration/Poison           5
Miscellaneous
 F - a fan of gales
Comestibles
 a - 24 rations


   Skills:
 - Level 8.2 Fighting
 - Level 15.3 Dodging
 - Level 11.0 Stealth
 + Level 11.4 Unarmed Combat
 - Level 4.9 Hexes
 - Level 9.0 Charms
 - Level 3.6 Transmutations
 - Level 6.8 Ice Magic
 - Level 3.0 Earth Magic


You had 4 spell levels left.
You knew the following spells:

 Your Spells              Type           Power        Failure   Level  Hunger
a - Passwall              Tmut/Erth      #.........   9%          2    ###....
b - Confusing Touch       Hex            ##....       2%          1    ##.....
c - Ozocubu's Armour      Chrm/Ice       ###.....     2%          3    ####...


Dungeon Overview and Level Annotations

Branches:
Dungeon (14/15)            Temple (1/1) D:6            Lair (5/6) D:11
  Swamp (0/4) Lair:2       Spider (0/4) Lair:3        Slime (0/5) Lair:5
    Orc (0/2) D:10         Vaults (0/5) D:14

Altars:
Ashenzari
Cheibriados
Dithmenos
Elyvilon
Fedhas
Gozag
Hepliaklqana
Kikubaaqudgha
Makhleb
Nemelex Xobeh
Okawaru
Qazlal
Ru
Sif Muna
Trog
Uskayaw
Vehumet
Wu Jian
Xom
Yredelemnul
Zin
The Shining One

Portals:
Trove: D:11 (give 2 scrolls of acquirement)

Annotations:
D:3 Natasha; inc's ghost, weakling FeIE
D:5 1 runed door
D:6 diana's ghost, novice TeFi
D:7 Statics's ghost, amateur DsMo


Innate Abilities, Weirdness & Mutations

You cannot wear armour.
You are incapable of wielding weapons or throwing items.
Your paws allow you to move quietly. (Stealth)
You have sharp claws.
You have razor-sharp teeth.
You have supernaturally acute eyesight. (SInv)
You are carnivorous and can eat meat at any time.
You cover ground quickly.
Your thick and shaggy fur keeps you warm. (AC +3, rC+)
You have a slow metabolism.
Your sharp claws are effective at attacking unaware monsters.
You are partially covered in iridescent scales. (AC +2)
You tend to lose your temper in combat.
You are dopey. (Int -2)
You are very frail. (-20% HP)
Your muscles are very strong. (Str +4)
Your spells are a little easier to cast, but a little less powerful.


Message History

The dream sheep is severely wounded.
The dream sheep bites you but does no damage.
The dream sheep shake their wool and sparkle.
You feel drowsy...
You fall asleep.
The dream sheep bites you!
You wake up.
A shower of butterflies erupts from you!
The dream sheep completely misses you.
Unknown command.
You scratch the dream sheep.
The dream sheep is almost dead.
The dream sheep completely misses you. The dream sheep bites you!
* * * LOW HITPOINT WARNING * * *
Unknown command.
Unknown command.
The dream sheep bites you but does no damage.
The dream sheep shake their wool and sparkle.
You feel drowsy...
You fall asleep.
The dream sheep bites you.
You die...
Xom chortles!

..#........#....###..........P
..###....>.......####........#
### ###....#.#P### #.##P....#
########## ##......#
#......### ###.......#
#......#P####....P...##
####.......##...####...#
##.##...P.Y.P.............
#####......P...Y@..[..........
.#..........†...b.............
.................#†...........
.P..#†..>.......b.#........
.#.##.............#........ #
#............###.###...
###.......#P...# ## .P
##..#..P....P.P.#
##....b..b.......


You could see 2 dream sheep.

Vanquished Creatures
  The ghost of Rhodenklotz the Bludgeoner, a journeyman MiFi of Trog (D:8)
  A vault guard (D:11)
  A hydra (D:12)
  3 two-headed ogres
  A death yak (Lair:3)
  2 skeletal warriors (Volcano)
  Pikel (D:4)
  2 ugly things
  A manticore (D:11)
  2 black mambas (Lair:4)
  Joseph (D:7)
  7 elephants (Lair:4)
  2 gargoyles (Volcano)
  4 komodo dragons
  7 spiny frogs
  3 rime drakes
  2 kobold demonologists
  A queen bee (D:11)
  3 trolls
  A wind drake (Lair:4)
  3 slime creatures (D:9)
  3 dream sheep (Lair:5)
  3 alligator skeletons (Volcano)
  5 hippogriffs
  2 flying skulls (Volcano)
  5 wyverns
  Eustachio (D:5)
  2 basilisks
  3 yaks
  A hungry ghost (D:8)
  4 vampire mosquitoes (Lair:2)
  A soldier ant (D:13)
  6 porcupines
  11 water moccasins
  A phantom (D:8)
  5 ice beasts
  7 sky beasts
  3 orc warriors
  9 wolves
  2 eyes of draining
  6 ogres
  6 centaurs
  6 crocodiles
  16 bullfrogs
  A gnoll sergeant (D:6)
  A water moccasin zombie (D:11)
  A wyvern skeleton (D:11)
  3 scorpions (D:8)
  A water moccasin skeleton (D:8)
  14 killer bees
  7 wights
  A spriggan skeleton (Volcano)
  4 jellies
  5 howler monkeys
  3 crimson imps
  3 centaur zombies
  A bullfrog zombie (D:11)
  6 hounds
  4 orc priests
  10 orc wizards
  A bullfrog skeleton (D:7)
  4 centaur skeletons
  Natasha (twice) (D:3)
  2 iguanas
  11 worker ants
  A killer bee zombie (D:5)
  A naga skeleton (Volcano)
  A hound zombie (D:6)
  3 hound skeletons
  10 gnolls
  A river rat (D:5)
  9 adders
  5 shadow imps
  3 oozes
  6 worms
  5 dart slugs
  8 leopard geckos
  42 orcs
  4 ball pythons
  10 bats
  8 giant cockroaches
  8 goblins
  10 hobgoblins
  9 jackals
  7 kobolds
  6 quokkas
  3 frilled lizards
  A quokka zombie (D:8)
  8 rats
411 creatures vanquished.

Vanquished Creatures (collateral kills)
  A two-headed ogre (D:11)
  An ugly thing (D:11)
  An elephant (Lair:4)
  A gargoyle (Volcano)
  A troll (D:11)
  A hornet (D:10)
  A shadow (D:11)
  A wyvern (D:11)
  A basilisk (D:11)
  An orc warrior (D:11)
  2 killer bees (D:11)
  A howler monkey (D:11)
  An orc wizard (D:10)
  A shadow imp (D:10)
  3 orcs (D:10)
18 creatures vanquished.

Vanquished Creatures (others)
  A dancing weapon (D:10)
  A dream sheep (Lair:5)
  A centaur (D:13)
  A killer bee (D:11)
  2 fungi (Lair:4)
6 creatures vanquished.

Grand Total: 435 creatures vanquished

Notes
Turn   | Place    | Note
-------+----------+-------------------------------------------
     0 | D:1      | inc the Felid Chaos Knight began the quest for the Orb.
     0 | D:1      | Reached XP level 1. HP: 10/10 MP: 2/2
    39 | D:1      | XOM: harmless Pois miscast
    44 | D:1      | XOM: harmless Summ miscast
   177 | D:1      | XOM: divination: detect items
   188 | D:1      | Reached XP level 2. HP: 14/14 MP: 3/3
   438 | D:1      | Reached XP level 3. HP: 14/17 MP: 4/4
   884 | D:1      | XOM: scenery: 1 doors close
   962 | D:2      | Found an iron altar of Okawaru.
  1009 | D:2      | XOM: noise
  1118 | D:2      | Found a stormy altar of Qazlal.
  1135 | D:2      | Reached skill level 5 in Unarmed Combat
  1135 | D:2      | Reached XP level 4. HP: 3/21 MP: 5/5
  1427 | D:2      | XOM: medium Chrm miscast
  1428 | D:2      | XOM: god gift: 11 stones
  1638 | D:2      | XOM: scenery: create altars
  1848 | D:2      | Found a sacrificial altar of Ru.
  1877 | D:2      | XOM is BORED!
  1877 | D:2      | XOM: summons 2 hostile demons
  2767 | D:2      | XOM: god gift: 700 gold pieces
  2933 | D:2      | Reached XP level 5. HP: 23/24 MP: 6/6
  3104 | D:3      | Noticed Natasha
  3121 | D:3      | Killed Natasha
  3129 | D:3      | XOM: enchant monster (good)
  3225 | D:3      | Noticed Natasha
  3287 | D:3      | XOM: butterfly on damage
  3294 | D:3      | Killed Natasha
  3346 | D:3      | Noticed inc's ghost (weakling FeIE)
  3479 | D:2      | XOM: silly message
  3537 | D:2      | XOM: god gift: 23 stones
  4273 | D:4      | XOM: divination: detect creatures
  4531 | D:3      | Gained mutation: You are covered in thick fur. (AC +2) [Felid growth]
  4531 | D:3      | Reached XP level 6. HP: 27/28 MP: 7/7
  4550 | D:3      | Noticed Natasha
  4564 | D:3      | XOM: silly message
  4743 | D:3      | XOM: god gift: 11 stones
  5156 | D:4      | XOM: cloud trail
  5220 | D:3      | XOM: medium Pois miscast
  5257 | D:4      | XOM: enchant monster (good)
  5263 | D:4      | XOM: polymorph scorpion -> ogre
  5293 | D:4      | XOM: harmless Air miscast
  5312 | D:4      | XOM: fog
  5321 | D:4      | XOM: god gift: 2 potions of heal wounds
  5534 | D:4      | HP: 1/28 [worker ant (2)]
  5708 | D:4      | XOM: give mutations
  5708 | D:4      | Gained mutation: Your flesh is heat resistant. (rF+) [Xom's grace]
  5708 | D:4      | Gained mutation: You are somewhat resistant to further mutation. [Xom's grace]
  5708 | D:4      | Gained mutation: You have a pair of small horns on your head. [Xom's grace]
  5737 | D:4      | XOM: god gift: 1110 gold pieces
  5739 | D:3      | XOM: polymorph gnoll -> dart slug
  5860 | D:3      | XOM: give mutations
  5860 | D:3      | Lost mutation: You have a pair of small horns on your head. [Xom's mischief]
  5860 | D:3      | Gained mutation: You tend to lose your temper in combat. [Xom's mischief]
  5985 | D:4      | XOM: butterfly on damage
  5996 | D:5      | Entered Level 5 of the Dungeon
  6174 | D:5      | Reached skill level 5 in Stealth
  6306 | D:5      | Noticed Eustachio
  6308 | D:5      | XOM: scenery: create altars
  6324 | D:5      | XOM: confuse monster(s)
  6329 | D:5      | Killed Eustachio
  6329 | D:5      | Reached skill level 5 in Dodging
  6329 | D:5      | Reached XP level 7. HP: 6/31 MP: 8/8
  6575 | D:5      | Found a glowing silver altar of Zin.
  6576 | D:5      | Found a runed door.
  6576 | D:5      | Noticed an angel
  6587 | D:5      | Noticed a two-headed ogre
  6778 | D:5      | Noticed a two-headed ogre
  6778 | D:5      | XOM: destruction
  6787 | D:5      | XOM: cleaving
  6797 | D:5      | XOM: divination: detect creatures
  6933 | D:4      | XOM: fake destruction
  7078 | D:4      | XOM: polymorph orc -> dart slug
  7353 | D:4      | Reached skill level 6 in Dodging
  7399 | D:3      | XOM: summons 3 hostile shadow creatures
  7402 | D:3      | XOM: mild Chrm miscast
  7884 | D:4      | Noticed Pikel
  7897 | D:4      | Killed Pikel
  7897 | D:4      | Reached skill level 10 in Stealth
  7897 | D:4      | Reached XP level 8. HP: 34/34 MP: 9/9
  7932 | D:4      | XOM: cloud trail
  8369 | D:4      | XOM: give mutations
  8369 | D:4      | Gained mutation: You are frail. (-10% HP) [Xom's mischief]
  8369 | D:4      | Gained mutation: You are weak. (Str -2) [Xom's mischief]
  8451 | D:5      | XOM: divination: magic mapping
  8643 | D:5      | XOM: god gift: 6 curare-tipped needles
  8892 | D:5      | XOM: summons friendly ufetubus
  8896 | D:5      | XOM: summons friendly ufetubus
  8901 | D:5      | XOM: scenery: create altars
  9107 | D:6      | Noticed diana's ghost (novice TeFi)
  9118 | D:5      | XOM: potion effect (agility)
  9122 | D:5      | XOM: butterfly on damage
  9156 | D:5      | XOM: scenery: create altars
  9160 | D:5      | XOM: cast spell 'Monstrous Menagerie'
  9287 | D:5      | XOM is BORED!
  9287 | D:5      | XOM: blink monster(s)
  9298 | D:5      | XOM: polymorph orc warrior -> porcupine
  9386 | D:5      | XOM: mild Erth miscast
  9535 | D:6      | XOM: polymorph gnoll -> river rat
  9797 | D:5      | XOM: cloud trail
  9884 | D:6      | XOM: confuse monster(s)
  9887 | D:6      | XOM: confuse monster(s)
 10012 | D:7      | Noticed Joseph
 10015 | D:7      | Killed Joseph
 10015 | D:7      | Reached XP level 9. HP: 33/33 MP: 10/10
 10133 | D:7      | Noticed Statics's ghost (amateur DsMo)
 10189 | D:7      | XOM: divination: detect items
 10191 | D:7      | XOM: summons friendly quasit
 10434 | D:5      | XOM: potion effect (haste)
 10642 | D:7      | Lost mutation: You are frail. (-10% HP) [potion of mutation]
 10642 | D:7      | Lost mutation: You are weak. (Str -2) [potion of mutation]
 10642 | D:7      | Lost mutation: You are somewhat resistant to further mutation. [potion of mutation]
 10642 | D:7      | Gained mutation: Your spells are a little easier to cast, but a little less powerful. [potion of mutation]
 10642 | D:7      | Gained mutation: Your muscles are strong. (Str +2) [potion of mutation]
 10642 | D:7      | Lost mutation: Your flesh is heat resistant. (rF+) [potion of mutation]
 10642 | D:7      | Gained mutation: You are partially covered in iridescent scales. (AC +2) [potion of mutation]
 10728 | D:7      | XOM: enchant monster (good)
 10773 | D:7      | Reached skill level 10 in Unarmed Combat
 10774 | D:7      | XOM: swap monsters
 10808 | D:7      | XOM: potion effect (invisibility)
 10850 | D:7      | XOM: noise
 10953 | D:7      | XOM: enchant monster (good)
 10982 | D:7      | XOM: god gift: 14 stones
 11142 | D:8      | XOM: chaos upgrade
 11178 | D:8      | Found a white marble altar of Elyvilon.
 11184 | D:8      | Noticed Rhodenklotz's ghost (journeyman MiFi)
 11196 | D:8      | XOM: fog
 11203 | D:8      | Killed Rhodenklotz's ghost
 11449 | D:6      | Reached XP level 10. HP: 34/46 MP: 11/11
 11478 | D:6      | XOM: 1-stop teleportation journey
 11503 | D:6      | XOM: swap monsters
 11525 | D:6      | Identified Uwkik's Tome of Dusty Changing
 11532 | D:6      | Learned a level 2 spell: Passwall
 11537 | D:6      | Found a staircase to the Ecumenical Temple.
 11575 | Temple   | Entered the Ecumenical Temple
 11637 | D:6      | XOM: noise
 11655 | D:6      | XOM: harmless Summ miscast
 11673 | D:7      | XOM: butterfly on damage
 11840 | D:6      | Reached skill level 7 in Dodging
 12045 | D:6      | XOM: confuse monster(s)
 12059 | D:7      | XOM: scenery: create altars
 12113 | D:8      | XOM: cleaving
 12143 | D:8      | Reached skill level 8 in Dodging
 12157 | D:8      | XOM: butterfly on damage
 12283 | D:8      | Reached skill level 9 in Dodging
 12287 | D:8      | XOM is BORED!
 12287 | D:8      | XOM: mild Erth miscast
 12326 | D:8      | XOM: harmless Conj miscast
 12453 | D:8      | XOM: mild Chrm miscast
 12682 | D:8      | Found a glowing silver altar of Zin.
 12684 | D:8      | Found a hide-covered altar of Uskayaw.
 12688 | D:8      | Found a bloodstained altar of Trog.
 12688 | D:8      | Found a sacrificial altar of Ru.
 12688 | D:8      | Found a basalt altar of Yredelemnul.
 12691 | D:8      | Found a sparkling altar of Nemelex Xobeh.
 12937 | D:9      | Reached skill level 10 in Dodging
 12962 | D:9      | Learned a level 1 spell: Confusing Touch
 12998 | D:9      | Reached skill level 1 in Hexes
 13014 | D:9      | Reached skill level 1 in Transmutations
 13119 | D:9      | XOM: chaos cloud
 13128 | D:9      | XOM: confusion
 13143 | D:9      | Reached skill level 1 in Earth Magic
 13241 | D:9      | XOM: confusion (+ monsters)
 13266 | D:9      | Noticed an anaconda
 13266 | D:9      | a slime creature changed into an anaconda
 13266 | D:9      | XOM: polymorph slime creature -> anaconda
 13267 | D:9      | XOM: scenery: create altars
 13278 | D:9      | HP: 5/105 [anaconda (3)]
 13280 | D:9      | Slain by an anaconda
 13281 | D:9      | Reached XP level 9. HP: -1/96 MP: 10/10
 13655 | D:9      | Noticed a kobold demonologist
 13668 | D:9      | XOM: mild Erth miscast
 13673 | D:9      | Killed a kobold demonologist
 13673 | D:9      | Reached XP level 10. HP: 47/47 MP: 11/11
 13837 | D:10     | Entered Level 10 of the Dungeon
 13922 | D:10     | Found a staircase to the Orcish Mines.
 13934 | D:10     | XOM: mild Chrm miscast
 14051 | D:10     | XOM: blink monster(s)
 14092 | D:10     | XOM: divination: detect items
 14154 | D:10     | Noticed a two-headed ogre
 14176 | D:10     | XOM: cleaving
 14185 | D:10     | Killed a two-headed ogre
 14285 | D:10     | XOM: 2-stop teleportation journey
 14286 | D:10     | Noticed a two-headed ogre
 14292 | D:10     | Killed a two-headed ogre
 14676 | D:11     | XOM: blink monster(s)
 14697 | D:11     | XOM: polymorph killer bee -> ooze
 14761 | D:11     | XOM: enchant monster (good)
 14812 | D:10     | XOM: god gift: scroll labeled JYVOWE GEOKA {god gift}
 14817 | D:10     | XOM: give mutations
 14817 | D:10     | Gained mutation: You are partially covered in molten scales. (AC +2) [Xom's grace]
 14817 | D:10     | Gained mutation: Your muscles are very strong. (Str +4) [Xom's grace]
 14829 | D:11     | Reached skill level 11 in Dodging
 14837 | D:11     | Noticed a two-headed ogre
 14844 | D:11     | Killed a two-headed ogre
 14852 | D:11     | Noticed a green ugly thing
 14854 | D:11     | Noticed a purple ugly thing
 14855 | D:11     | Reached XP level 11. HP: 51/51 MP: 12/12
 14878 | D:11     | XOM: polymorph howler monkey -> gnoll
 14879 | D:11     | Killed a green ugly thing
 14879 | D:11     | Reached skill level 12 in Dodging
 14883 | D:11     | HP: 2/51 [purple ugly thing (8)]
 14884 | D:11     | Slain by a purple ugly thing
 14885 | D:11     | Reached XP level 10. HP: -4/48 MP: 11/11
 14935 | D:11     | XOM: fog
 14986 | D:11     | XOM: cast spell 'Call Canine Familiar'
 15045 | D:11     | Found a staircase to the Lair.
 15055 | D:11     | XOM: scenery: create altars
 15224 | D:11     | Noticed a vault guard
 15233 | D:11     | Killed a vault guard
 15233 | D:11     | Reached skill level 13 in Dodging
 15267 | D:11     | Found a portal to a secret trove of treasure.
 15294 | D:11     | Found a shadowy altar of Dithmenos.
 15360 | D:11     | Noticed a manticore
 15368 | D:11     | Killed a manticore
 15394 | D:11     | XOM: cast spell 'Summon Dragon'
 15396 | D:11     | XOM: smoke on damage
 15483 | D:11     | Noticed a two-headed ogre
 15492 | D:11     | Killed a two-headed ogre
 15492 | D:11     | Reached skill level 14 in Dodging
 15546 | D:11     | Killed a purple ugly thing
 15580 | D:11     | XOM: god gift: 1170 gold pieces
 15870 | D:12     | Reached XP level 11. HP: 51/51 MP: 12/12
 15909 | D:12     | XOM: destruction
 15991 | D:12     | Noticed a four-headed hydra
 16001 | D:12     | XOM: scenery: create altars
 16004 | D:12     | Killed a four-headed hydra
 16198 | D:12     | XOM: confuse monster(s)
 16199 | D:12     | XOM: cleaving
 16208 | D:12     | XOM: confuse monster(s)
 16218 | D:12     | Reached skill level 15 in Dodging
 16325 | D:12     | XOM: cloud trail
 16387 | D:13     | XOM: destruction
 16411 | D:13     | Noticed a red ugly thing
 16427 | D:13     | XOM: noise
 16436 | D:13     | XOM: summons 9 friendly demons
 16445 | D:13     | XOM: fog
 16460 | D:13     | Killed a red ugly thing
 16566 | D:13     | Noticed a sixfirhy
 16595 | D:13     | XOM: harmless Ice miscast
 16610 | D:14     | Found a gate to the Vaults.
 16610 | D:14     | Noticed a purple ugly thing
 16739 | D:13     | XOM: enchant monster (bad)
 16740 | D:13     | XOM: confuse monster(s)
 16809 | Lair:1   | Entered Level 1 of the Lair of Beasts
 16827 | Lair:1   | Learned a level 3 spell: Ozocubu's Armour
 16862 | Lair:1   | Reached skill level 1 in Charms
 16899 | Lair:1   | Found a dark tunnel.
 16904 | Lair:1   | Reached skill level 1 in Ice Magic
 16904 | Lair:1   | XOM is BORED!
 16904 | Lair:1   | XOM: medium Pois miscast
 16924 | Volcano  | Entered a volcano
 16979 | Volcano  | XOM: enchant monster (good)
 17088 | Volcano  | Noticed a skeletal warrior
 17090 | Volcano  | Killed a skeletal warrior
 17101 | Volcano  | Noticed a skeletal warrior
 17105 | Volcano  | XOM: butterfly on damage
 17113 | Volcano  | Killed a skeletal warrior
 17174 | Volcano  | XOM: fog
 17456 | Lair:1   | Reached skill level 5 in Charms
 17629 | Lair:1   | XOM: summons 4 hostile demons
 18371 | Lair:2   | Found a staircase to the Swamp.
 18375 | Lair:2   | XOM: divination: magic mapping
 18389 | Lair:2   | XOM: enchant monster (bad)
 18403 | Lair:2   | Gained mutation: Your thick and shaggy fur keeps you warm. (AC +3, rC+) [Felid growth]
 18403 | Lair:2   | Reached XP level 12. HP: 51/55 MP: 13/13
 18819 | Lair:3   | Reached skill level 5 in Ice Magic
 18868 | Lair:3   | XOM: harmless Chrm miscast
 18874 | Lair:3   | XOM: mild Conj miscast
 18895 | Lair:3   | XOM: confusion
 19011 | Lair:3   | XOM: noise
 19189 | Lair:3   | Found a hole to the Spider Nest.
 19698 | Lair:4   | XOM: fog
 19804 | Lair:4   | XOM: confuse monster(s)
 19893 | Lair:4   | XOM: potion effect (agility)
 19942 | Lair:4   | XOM: mild Summ miscast
 19943 | Lair:4   | XOM: polymorph elephant -> wind drake
 20073 | Lair:4   | XOM: scenery: create altars
 20081 | Lair:4   | XOM: 2-stop teleportation journey
 20096 | Lair:4   | XOM: harmless Fire miscast
 20187 | Lair:4   | Noticed a death yak
 20189 | Lair:4   | Noticed a death yak
 20189 | Lair:4   | Noticed a death yak
 20203 | Lair:4   | XOM: cast spell 'Summon Mana Viper'
 20215 | Lair:4   | Noticed a death yak
 20217 | Lair:4   | Noticed a death yak
 20223 | Lair:4   | XOM: smoke on damage
 20238 | Lair:3   | XOM: butterfly on damage
 20241 | Lair:3   | Killed a death yak
 20280 | Lair:3   | XOM: give mutations
 20280 | Lair:3   | Lost mutation: You are partially covered in molten scales. (AC +2) [Xom's mischief]
 20280 | Lair:3   | Gained mutation: You are dopey. (Int -2) [Xom's mischief]
 20280 | Lair:3   | Gained mutation: You are frail. (-10% HP) [Xom's mischief]
 20280 | Lair:3   | Gained mutation: You are very frail. (-20% HP) [Xom's mischief]
 20350 | Lair:5   | Found a staircase to the Slime Pits.
 20503 | Lair:5   | XOM: summons 2 hostile shadow creatures
 20601 | Lair:5   | XOM: enchant monster (good)
 20607 | Lair:5   | XOM: butterfly on damage
 20612 | Lair:5   | XOM: medium Ice miscast
 20619 | Lair:5   | XOM: summons 4 hostile shadow creatures
 20620 | Lair:5   | Noticed a five-headed hydra
 20621 | Lair:5   | Slain by a five-headed hydra
 20622 | Lair:5   | Reached XP level 11. HP: -3/40 MP: 12/12
 20704 | Lair:5   | XOM: 2-stop teleportation journey
 20712 | Lair:5   | XOM: butterfly on damage
 20713 | Lair:5   | HP: 2/40 [dream sheep (13)]
 20718 | Lair:5   | Slain by a dream sheep

Skill      XL: |  1  2  3  4  5  6  7  8  9 10 11 12 |
---------------+-------------------------------------+-----
Unarmed Combat | 4 5 6 9 10 11 | 11.4
Stealth        | 2 5 10 11 | 11.0
Dodging        | 5 6 14 15 | 15.3
Fighting       | 6 8 |  8.2
Hexes          | 4 3 |  4.9
Transmutations | 3 2 |  3.6
Earth Magic    | 3 |  3.0
Charms         | 5 9 |  9.0
Ice Magic      | 4 6 |  6.8

Action                   |  1- 3 |  4- 6 |  7- 9 | 10-12 || total
-------------------------+-------+-------+-------+-------++-------
Melee: Unarmed           |   119 |   237 |   330 |   999 ||  1685
       Bite              |    12 |    14 |    23 |   124 ||   173
       Punch             |     2 |     3 |    12 |    47 ||    64
       Headbutt          |       |     1 |       |       ||     1
 Cast: Confusing Touch   |       |       |       |    42 ||    42
       Ozocubu's Armour  |       |       |       |    22 ||    22
  Use: Potion            |       |     6 |     3 |     7 ||    16
       Scroll            |       |     5 |     4 |    19 ||    28
 Stab: Sleeping          |     4 |     8 |    12 |    54 ||    78
       Distracted        |       |       |     2 |     5 ||     7
       Petrifying        |       |       |     1 |       ||     1
       Paralysed         |       |       |     1 |       ||     1
       Confused          |       |       |       |    35 ||    35
       Petrified         |       |       |       |     1 ||     1
  Eat: Chunk             |       |    10 |    14 |    22 ||    46
       Ration            |       |       |     1 |     1 ||     2
Armor: Skin              |     5 |    15 |    18 |    97 ||   135
Dodge: Dodged            |    94 |   171 |   223 |   994 ||  1482
